 Dungeon Crawl Stone Soup version 0.17.1-3-g152610e (console) character file.

2162 brucemayne the Cleaver (level 9, 0/94 HPs)
             Began as a Demonspawn Berserker on Feb 27, 2016.
             Was a Believer of Trog.
             Slain by a sixfirhy (8 damage)
             ... summoned by an orc sorcerer
             ... led by an orc knight
             ... on level 1 of the Orcish Mines.
             The game lasted 00:13:06 (2144 turns).

brucemayne the Cleaver (Demonspawn Berserker)       Turns: 2144, Time: 00:13:06

Health: 0/94       AC: 10    Str: 23    XL:     9   Next: 10%
Magic:  9/9        EV: 15    Int:  8    God:    Trog [**....]
Gold:   113        SH:  0    Dex: 16    Spells: 0 memorised, 8 levels left

rFire  + . .     SeeInvis .     v - +0 war axe
rCold  . . .     Clarity  .     m - +2 ring mail {rF+}
rNeg   . . .     SustAt   .     (no shield)
rPois  .         Gourm    .     (helmet restricted)
rElec  .         Spirit   .     k - +1 cloak
rCorr  .         Warding  .     e - +0 pair of gloves
rMut   .         Stasis   .     (no boots)
MR     ++...                    (no amulet)
Stlth  ..........               (no ring)
                                G - ring of stealth

@: berserking, regenerating, repel missiles, very quick, very resistant to
hostile enchantments, extremely unstealthy
A: horns 2, repulsion field 3, rot immunity
a: Berserk, Trog's Hand, Burn Spellbooks, Renounce Religion


You were on level 1 of the Orcish Mines.
You worshipped Trog.
Trog was pleased with you.
You were not hungry.

You visited 3 branches of the dungeon, and saw 12 of its levels.
You also visited: Ossuary.

You collected 113 gold pieces.

Inventory:

Hand Weapons
 a - a +0 hand axe
 h - a cursed -2 dagger
 o - a +1 dagger of venom
 v - a +0 war axe (weapon)
Missiles
 i - 14 curare-tipped needles
Armour
 b - a +0 animal skin
 e - a +0 pair of gloves (worn)
 k - a +1 cloak (worn)
 m - a +2 ring mail of fire resistance (worn)
 w - a +0 chain mail
 H - a +0 buckler
Jewellery
 u - an uncursed ring of ice
 G - a ring of stealth (left hand)
Wands
 q - a wand of disintegration (8)
Scrolls
 d - a scroll of fog {unknown}
 g - a scroll of teleportation {unknown}
 j - a scroll of noise {unknown}
 n - 4 scrolls of remove curse
 s - 2 scrolls of blinking
 y - a scroll of recharging {unknown}
 D - a scroll of identify
Potions
 f - 2 potions of agility
 l - a potion of mutation
 p - a potion of berserk rage {unknown}
 r - 2 potions of invisibility
 t - a potion of cancellation {unknown}
 x - a potion of haste {unknown}
 z - a potion of flight {unknown}
 A - a potion of ambrosia {unknown}
 B - a potion of curing {unknown}
 C - 2 potions of brilliance {unknown}
 E - a potion of might {unknown}
 I - 2 potions of lignification {unknown}
Comestibles
 c - 4 bread rations
 F - 2 fruits


   Skills:
 + Level 3.1 Fighting
 + Level 10.8 Axes
 - Level 1.7 Armour
 - Level 1.7 Dodging
 - Level 3.0 Stealth
 - Level 0.4 Evocations


You had 8 spell levels left.
You didn't know any spells.

Dungeon Overview and Level Annotations

Branches:
Dungeon (10/15)            Temple (1/1) D:6            Lair (0/8) D:8
    Orc (1/4) D:10

Altars:
Ashenzari
Cheibriados
Dithmenos
Gozag
Makhleb
Nemelex Xobeh
Okawaru
Qazlal
Ru
Sif Muna
Vehumet
Xom
Zin
The Shining One
Beogh

Shops:
D:9 *


Innate Abilities, Weirdness & Mutations

You have a pair of horns on your head.
You are surrounded by a strong repulsion field (EV +4, rMsl).
You are immune to rotting.


Message History

The orc knight is moderately wounded.
The sixfirhy barely misses you. The sixfirhy hits you!
* * * LOW HITPOINT WARNING * * *
The sixfirhy shocks you!
* * * LOW HITPOINT WARNING * * *
The orc knight hits you with a dire flail.
* * * LOW HITPOINT WARNING * * *
You slice the troll!!
The troll is almost dead.
You slash the sixfirhy!
The sixfirhy is almost dead.
You slash the orc!
You kill the orc!
Trog accepts your kill.
You barely miss the orc. You slash the orc knight!
The orc knight is moderately wounded.
The sixfirhy hits you!
* * * LOW HITPOINT WARNING * * *
The sixfirhy shocks you!
You die...

#.........#.....
...$..$.$. .....
................
..$.#....#...$..
.........#......
........oo......
......o4To...#..
.....o.)@o......
...#..)#).......
....#...#.......
.....#$# .......
. ..### ...#..#
### #### ##


You could see an orc knight, a troll, a sixfirhy, an orc sorcerer, an orc
warrior (frenzied) and 3 orcs.

Vanquished Creatures
  2 wraiths (Ossuary)
  A yak (D:8)
  A deep elf mage (D:9)
  An orc warrior (D:6)
  3 ogres
  2 centaurs
  3 giant frogs (D:6)
  2 scorpions
  3 wights (Ossuary)
  A crimson imp (D:6)
  2 jellies
  6 orc wizards
  Crazy Yiuf (D:7)
  2 orc priests (D:10)
  2 giant frog skeletons
  4 worker ants
  An iguana (D:8)
  A hound skeleton (D:7)
  A mummy (D:7)
  3 gnolls (D:5)
  2 worker ant zombies
  An adder (D:4)
  2 oozes (D:4)
  An adder skeleton (D:4)
  An adder zombie (Ossuary)
  2 worms
  A giant gecko (D:6)
  16 orcs
  5 bats (D:1)
  3 giant cockroaches
  5 goblins
  4 hobgoblins
  6 jackals
  5 kobolds
  A ball python (D:6)
  A ball python skeleton (Ossuary)
  2 hobgoblin zombies (Ossuary)
  A jackal skeleton (D:5)
  An orc zombie (Ossuary)
  2 quokkas
  2 rats (D:1)
106 creatures vanquished.

Notes
Turn   | Place    | Note
--------------------------------------------------------------
     0 | D:1      | brucemayne the Demonspawn Berserker began the quest for the Orb.
     0 | D:1      | Reached XP level 1. HP: 18/18 MP: 1/1
    58 | D:1      | Gained mutation: You are surrounded by a mild repulsion field (EV +2). [demonic ancestry]
    58 | D:1      | Reached XP level 2. HP: 20/24 MP: 2/2
   155 | D:1      | Reached ** piety under Trog
   343 | D:4      | Gained mutation: You are immune to rotting. [demonic ancestry]
   343 | D:4      | Reached XP level 3. HP: 17/29 MP: 3/3
   346 | D:4      | Reached skill level 4 in Axes
   409 | D:4      | Reached XP level 4. HP: 25/35 MP: 4/4
   509 | D:5      | Entered Level 5 of the Dungeon
   531 | D:4      | Reached skill level 5 in Axes
   560 | D:5      | Found an iron altar of Okawaru.
   571 | D:6      | Noticed a giant frog
   577 | D:6      | Noticed a giant frog
   577 | D:6      | Killed a giant frog
   577 | D:6      | Gained mutation: You are surrounded by a moderate repulsion field (EV +3). [demonic ancestry]
   577 | D:6      | Reached XP level 5. HP: 37/41 MP: 5/5
   579 | D:6      | Reached skill level 1 in Stealth
   585 | D:6      | Killed a giant frog
   585 | D:6      | Reached skill level 6 in Axes
   585 | D:6      | Reached XP level 6. HP: 22/47 MP: 6/6
   681 | D:6      | Found a staircase to the Ecumenical Temple.
   721 | D:6      | Reached skill level 7 in Axes
   740 | D:6      | Noticed a giant frog
   765 | D:6      | Killed a giant frog
   765 | D:6      | Gained mutation: You have a pair of small horns on your head. [demonic ancestry]
   765 | D:6      | Reached XP level 7. HP: 28/52 MP: 7/7
   787 | Temple   | Entered the Ecumenical Temple
   924 | D:4      | Noticed an ogre
   928 | D:4      | Killed an ogre
  1076 | D:6      | Reached skill level 8 in Axes
  1114 | D:7      | Found a sand-covered staircase.
  1126 | Ossuary  | Entered an ossuary
  1225 | Ossuary  | Noticed a flying skull
  1225 | Ossuary  | Noticed a wraith
  1237 | Ossuary  | Noticed a wraith
  1246 | Ossuary  | Killed a wraith
  1249 | Ossuary  | Noticed a flying skull
  1266 | Ossuary  | Noticed a flying skull
  1279 | Ossuary  | Noticed a flying skull
  1293 | Ossuary  | Gained mutation: You are surrounded by a strong repulsion field (EV +4, rMsl). [demonic ancestry]
  1293 | Ossuary  | Reached XP level 8. HP: 58/58 MP: 8/8
  1301 | Ossuary  | Noticed a flying skull
  1304 | Ossuary  | Noticed a wraith
  1314 | Ossuary  | Killed a wraith
  1314 | Ossuary  | Reached skill level 9 in Axes
  1629 | D:8      | Found a staircase to the Lair.
  1718 | D:9      | Reached skill level 10 in Axes
  1804 | D:7      | Noticed Crazy Yiuf
  1812 | D:7      | Killed Crazy Yiuf
  1927 | D:9      | Found a shadowy altar of Dithmenos.
  1947 | D:9      | Found Deilir's Assorted Antiques.
  2030 | D:10     | Entered Level 10 of the Dungeon
  2030 | D:10     | Found a staircase to the Orcish Mines.
  2083 | D:10     | Gained mutation: You have a pair of horns on your head. [demonic ancestry]
  2083 | D:10     | Reached XP level 9. HP: 52/63 MP: 9/9
  2099 | D:10     | Found a roughly hewn altar of Beogh.
  2126 | Orc:1    | Entered Level 1 of the Orcish Mines
  2132 | Orc:1    | Noticed an orc knight
  2134 | Orc:1    | Noticed an orc sorcerer
  2137 | Orc:1    | Noticed a sixfirhy
  2144 | Orc:1    | Slain by a sixfirhy

Action                   |  1- 3 |  4- 6 |  7- 9 || total
-------------------------+-------+-------+-------++-------
Melee: Hand axe          |   105 |    87 |       ||   192
       War axe           |       |    19 |   180 ||   199
Invok: Berserk           |     4 |     2 |     4 ||    10
       Trog's Hand       |     3 |     4 |     7 ||    14
Evoke: Wand              |       |     1 |       ||     1
  Use: Scroll            |       |     1 |     7 ||     8
       Potion            |       |       |     1 ||     1
 Stab: Sleeping          |       |       |     5 ||     5
  Eat: Chunk             |     1 |     6 |     3 ||    10
       Meat ration       |       |       |     1 ||     1
       Fruit             |       |       |     1 ||     1
